 Dungeon Crawl Stone Soup version 0.21.1-1-g345015f (webtiles) character file.

16 Mgcat the Insei (level 2, -1/23 HPs)
             Began as a Gnoll Transmuter on Mar 21, 2018.
             Slain by a gnoll
             ... wielding a +0 club
              (8 damage)
             ... on level 1 of the Dungeon.
             The game lasted 00:01:35 (407 turns).

Mgcat the Insei (Gnoll Transmuter)                   Turns: 407, Time: 00:01:36

Health: -1/23      AC:  2    Str: 12    XL:     2   Next: 58%
Magic:  6/7        EV: 14    Int: 15    God:
Gold:   15         SH:  0    Dex: 15    Spells: 9/10 levels left

rFire    + . .     SeeInvis .     - Unarmed
rCold    x . .     Gourm    .   (no shield)
rNeg     . . .     Faith    .   b - +0 robe
rPois    .         Spirit   .   (no helmet)
rElec    .         Reflect  .   (no cloak)
rCorr    .         Harm     .   (no gloves)
MR       .....                  (no boots)
Stlth    ++........             (no amulet)
HPRegen  0.07/turn              i - ring of fire {rF+, rC-}
MPRegen  0.10/turn              (no ring)

@: appendage
A: distributed training, fangs 1, horns 2, strong nose
a: End Transformation


You were on level 1 of the Dungeon.
You were not hungry.
You had grown temporary horns.
You visited 1 branch of the dungeon, and saw 2 of its levels.

You collected 15 gold pieces.

Inventory:

Missiles
 a - 12 arrows
Armour
 b - a +0 robe (worn)
Jewellery
 i - a ring of fire (left hand) {rF+, rC-}
   (You found it on level 1 of the Dungeon)
Scrolls
 g - a scroll of teleportation {unknown}
 h - 5 scrolls of identify {unknown}
Potions
 e - a potion of curing {unknown}
 j - a potion of haste {unknown}
Books
 c - a book of Changes
Comestibles
 d - a ration
 f - 5 chunks of flesh {@w0}


   Skills:
 + Level 2.5 Fighting
 + Level 0.4 Short Blades
 + Level 0.4 Long Blades
 + Level 0.4 Axes
 + Level 0.4 Maces & Flails
 + Level 0.4 Polearms
 + Level 0.4 Staves
 + Level 0.4 Slings
 + Level 0.4 Bows
 + Level 0.4 Crossbows
 + Level 0.4 Throwing
 + Level 0.4 Armour
 + Level 4.5 Dodging
 + Level 0.4 Stealth
 + Level 0.4 Shields
 + Level 6.5 Unarmed Combat
 + Level 4.9 Spellcasting
 + Level 0.2 Conjurations
 + Level 0.2 Hexes
 + Level 0.2 Charms
 + Level 0.2 Summonings
 + Level 0.2 Necromancy
 + Level 0.2 Translocations
 + Level 3.7 Transmutations
 + Level 0.2 Fire Magic
 + Level 0.2 Ice Magic
 + Level 0.2 Air Magic
 + Level 0.2 Earth Magic
 + Level 0.2 Poison Magic
 + Level 0.5 Invocations
 + Level 0.4 Evocations


You had 9 spell levels left.
You knew the following spells:

 Your Spells              Type           Power        Failure   Level  Hunger
a - Beastly Appendage     Tmut           ##....       3%          1    None


Dungeon Overview and Level Annotations

Branches:
Dungeon (2/15)

Altars:


Innate Abilities, Weirdness & Mutations

Your experience applies equally to all skills.
You have very sharp teeth.
Your uncanny sense of smell can sniff out nearby items.
You have a pair of horns on your head.


Message History

The leopard gecko bites you.
You hit the leopard gecko.
You kill the leopard gecko!
You closely miss the hobgoblin.
You kill the hobgoblin!
Things that are here:
a leopard gecko corpse; a hobgoblin corpse You butcher the hobgoblin corpse.
f - 6 chunks of flesh {@w0} (gained 4)
You see here a leopard gecko corpse.
Your horns disappear.
Some of the chunks of flesh in your inventory have rotted away.
Some of the chunks of flesh in your inventory have rotted away.
You butcher the leopard gecko corpse.
f - 6 chunks of flesh {@w0} (gained 2)
You see here a leopard gecko skeleton. x2
Found a stone staircase leading down.
h - 5 scrolls labeled FUFRERI EGACU (gained 3)
A hobgoblin comes into view. It is wielding a club.
Casting: Beastly Appendage
Confirm with . or Enter, or press ? or * to list all spells.
Your feet morph into talons.
The hobgoblin shouts!
A leopard gecko comes into view.
The leopard gecko hisses angrily.
You hit the hobgoblin. You claw the hobgoblin.
The hobgoblin is severely wounded.
The hobgoblin hits you with a club. The hobgoblin barely misses you.
A rat comes into view.
You hit the hobgoblin.
You kill the hobgoblin!
The leopard gecko closely misses you.
Things that are here:
a club; a hobgoblin corpse You closely miss the leopard gecko.
Your punch misses the leopard gecko. The leopard gecko closely misses you.
You closely miss the leopard gecko. The leopard gecko closely misses you.
You hit the leopard gecko.
You kill the leopard gecko!
You barely miss the rat. The rat completely misses you.
You barely miss the rat. The rat barely misses you.
You punch the rat!
You kill the rat!
Things that are here:
a rat corpse; a leopard gecko corpse You butcher the rat corpse.
f - 7 chunks of flesh {@w0} (gained 1)
Things that are here:
a rat skeleton; a leopard gecko corpse You butcher the leopard gecko corpse.
f - 9 chunks of flesh {@w0} (gained 2)
Things that are here:
a rat skeleton; a leopard gecko skeleton Your transformation is almost over.
You open the door.
There is an open door here.
Your talons disappear.
There is a fountain of clear blue water here.
There is an open door here.
There is a stone staircase leading down here.
You climb downwards.
A frilled lizard, 2 gnolls and a kobold come into view.
The gnoll shouts!
The kobold shouts!
Found 17 gold pieces, 2 rations and a robe.
Found a stone staircase leading down.
There is a stone staircase leading up here.
A rat and a gnoll come into view.
The gnoll moves out of view.
A gnoll comes into view. It is wielding a spear.
You see here 6 gold pieces.
The frilled lizard hisses angrily.
The gnoll shouts!
You hear a shout!
The gnoll throws a throwing net.
The throwing net hits you.
You become entangled in the net!
Some of the chunks of flesh in your inventory have rotted away.
There is a stone staircase leading up here.
You see here a throwing net {=f, !d}.
You can't do that while held in a net.
You struggle against the net.
You struggle against the net.
The gnoll barely misses you.
You struggle against the net.
A gnoll comes into view. It is wielding a spear.
You rip the net and break free!
The gnoll closely misses you. The gnoll misses you.
The gnoll shouts!
The gnoll closely misses you. The gnoll barely misses you. The kobold hits you.
You climb upwards.
There is a stone staircase leading down here.
Casting: Beastly Appendage
Confirm with . or Enter, or press ? or * to list all spells.
You grow a pair of large bovine horns.
The gnoll hits you with a club. The kobold closely misses you.
The kobold barely misses you.
You barely miss the gnoll. You headbutt the gnoll.
The gnoll is heavily wounded.
The gnoll hits you with a club!
You barely miss the gnoll. You bite the gnoll, but do no damage.
The gnoll is heavily wounded.
The gnoll hits you with a club!
You die...

#....(..# #...#
##..[...# #...#
#.####.....# ###...###
#.......)..# #.......#
#.####.....####.......#
#.# #.....#...........
#.# #K>...'......⌠....
#.# #g###.#...........
#.####@# #.####.......#
##....#.# #.# #......<#
####.#.#...###.#
###...###
#...###.....##.# #...#
#.##.#......##.# #...#
#.###.#.....##.# ##'##
#.# ###....###.# #.#
#.# ......# #.# #.#
#.#.#...#..# #.# #.#


You could see a gnoll and a kobold.

Vanquished Creatures
  A dart slug (D:1)
  2 leopard geckos (D:1)
  A giant cockroach (D:1)
  A goblin (D:1)
  4 hobgoblins (D:1)
  2 rats (D:1)
11 creatures vanquished.

Notes
Turn   | Place    | Note
-------+----------+-------------------------------------------
     0 | D:1      | Mgcat the Gnoll Transmuter began the quest for the Orb.
     0 | D:1      | Reached XP level 1. HP: 17/17 MP: 6/6
   175 | D:1      | Reached XP level 2. HP: 19/23 MP: 5/7
   407 | D:1      | Slain by a gnoll

Action                   || total
-------------------------++-------
Melee: Unarmed           ||    40
       Bite              ||     4
       Headbutt          ||     4
       Kick              ||     3
 Cast: Beastly Appendage ||     6
Armor: Robe              ||     4
Dodge: Dodged            ||    26

Vault maps used:
D:1:      minmay_arrival_cross
D:2:      minmay_wonky_spiral, nicolae_overflow_hidden_temple,
          lemuel_doored_altar, tso_altar, nrook_loot_triangle

Table legend:
 A = Turns spent in this place as a percentage of turns spent in the entire game.
 B = Non-inter-level travel turns spent in this place as a percentage of non-inter-level travel turns spent in the entire game.
 C = Inter-level travel turns spent in this place as a percentage of turns spent in this place.
 D = Turns resting spent in this place as a percentage of non-inter-level travel turns spent in this place.
 E = Turns spent auto-exploring this place as a percentage of non-inter-level travel turns spent in this place.
 F = Non-inter-level travel turns spent in this place divided by the number of levels of this place that you've seen.
                   A       B       C       D       E      F
               +-------+-------+-------+-------+-------+----------------------
         Total | 100.0 | 100.0 |   0.0 |   0.0 |  68.1 | 203.5
       Dungeon | 100.0 | 100.0 |   0.0 |   0.0 |  68.1 | 203.5
               +-------+-------+-------+-------+-------+----------------------

Table legend:
 A = Kills in this place as a percentage of kills in entire the game.
 B = Kills by you in this place as a percentage of kills by you in the entire game.
 C = Kills by friends in this place as a percentage of kills by friends in the entire game.
 D = Other kills in this place as a percentage of other kills in the entire game.
 E = Experience gained in this place as a percentage of experience gained in the entire game.
 F = Experience gained in this place divided by the number of levels of this place that you have seen.
                   A       B       C       D       E      F
               +-------+-------+-------+-------+-------+----------------------
         Total | 100.0 | 100.0 |   N/A |   N/A | 100.0 |  12.0
       Dungeon | 100.0 | 100.0 |   N/A |   N/A | 100.0 |  12.0
               +-------+-------+-------+-------+-------+----------------------
